 Dungeon Crawl Stone Soup version 0.29-a0-43-g62a80824bf (webtiles) character file.

Game seed: 11547872739948608978

3404 tilp the Frost Mage (level 9, 41/41 HPs)
             Began as a Felid Ice Elementalist on Feb 1, 2022.
             Was a Priest of Vehumet.
             Quit the game on level 11 of the Dungeon on Feb 2, 2022.
             The game lasted 00:32:05 (17567 turns).

tilp the Frost Mage (Felid Ice Elementalist)       Turns: 17567, Time: 00:32:05

Health: 41/41      AC:  2    Str:  4    XL:     9   Next: 75%
Magic:  19/19      EV: 20    Int: 20    God:    Vehumet [***...]
Gold:   680        SH:  5    Dex: 18    Spells: 2/20 levels left
                                        Lives:  0   Deaths: 3

rFire   + + .      SeeInvis +     - Unarmed
rCold   . . .      Faith    .   (shield unavailable)
rNeg    . . .      Spirit   .   (armour unavailable)
rPois   .          Reflect  +   (helmet unavailable)
rElec   .          Harm     .   (cloak unavailable)
rCorr   .          Rampage  .   (gloves unavailable)
Will    +....                   (boots unavailable)
Stlth   ++++......              a - amulet of reflection
HPRegen 0.13/turn               l - ring of protection from fire
MPRegen 0.16/turn               w - ring of protection from fire

@: quick
A: very small, claws 1, fangs 3, see invisible, speed 1, shaggy fur 2, stealthy
paws, no weapons or thrown items, no armour, multi-lived
a: Renounce Religion


You were on level 11 of the Dungeon.
You worshipped Vehumet.
Vehumet was most pleased with you.
You visited 2 branches of the dungeon, and saw 12 of its levels.
You also visited: Sewer.

You collected 680 gold pieces.

Inventory:

Jewellery
 a - an amulet of reflection (around neck)
 e - an amulet of guardian spirit
 l - a ring of protection from fire (left paw)
 r - an amulet of faith
 w - a ring of protection from fire (right paw)
 B - a ring of resist corrosion
Wands
 k - a wand of iceblast (3)
 n - a wand of mindburst (3)
 u - a wand of paralysis (3)
 v - a wand of acid (3)
 y - a wand of flame (1)
Scrolls
 m - 2 scrolls of teleportation
 p - a scroll of blinking
 q - a scroll of fog
 t - a scroll of magic mapping
Potions
 b - 5 potions of heal wounds
 c - 3 potions of mutation {unknown}
 d - 4 potions of curing
 f - 4 potions of haste
 g - 3 potions of brilliance
 h - a potion of might {unknown}
 i - a potion of resistance {unknown}
 j - a potion of cancellation {unknown}
 o - 3 potions of lignification
 s - 2 potions of berserk rage
 x - a potion of invisibility {unknown}
 z - a potion of attraction {unknown}
 A - a potion of magic {unknown}
 C - a potion of degeneration {unknown}


   Skills:
 - Level 6.0 Fighting
 - Level 6.0 Dodging
 - Level 8.0 Stealth
 - Level 6.0 Unarmed Combat
 + Level 6.1 Spellcasting
 * Level 8.0 Conjurations
 * Level 9.6 Ice Magic
 - Level 2.0 Air Magic
 + Level 5.4 Earth Magic
 - Level 2.0 Poison Magic
 - Level 4.0 Evocations


You had 2 spell levels left.
You knew the following spells:

 Your Spells              Type           Power      Damage    Failure   Level
a - Freeze                Ice            100%       1d11      1%          1
b - Frozen Ramparts       Ice            88%        1d10      1%          3
c - Ozocubu's Armour      Ice            44%        N/A       1%          3
d - Hailstorm             Conj/Ice       41%        3d10      1%          4
e - Mephitic Cloud        Conj/Pois/Air  22%        N/A       1%          3
f - Stone Arrow           Conj/Erth      66%        3d11      1%          3
g - Magic Dart            Conj           100%       1d8       1%          1

Your spell library contained the following spells:

 Spells                   Type           Power      Damage    Failure   Level
 Conjure Flame            Conj/Fire      22%        6-21      1%          3
 Sandblast                Erth           54%        2d13      1%          1
 Poisonous Vapours        Pois/Air       28%        N/A       1%          2
 Static Discharge         Conj/Air       26%        N/A       1%          2
 Passwall                 Tmut/Erth      14%        N/A       4%          2
 Sting                    Tmut/Pois      40%        1d5       7%          1
 Sublimation of Blood     Necr           6%         N/A       16%         2
 Wereblood                Tmut           6%         N/A       16%         2
 Olgreb's Toxic Radiance  Pois           14%        N/A       12%         4
 Fireball                 Conj/Fire      11%        3d7       16%         5
 Starburst                Conj/Fire      11%        6d5       58%         6
 Summon Hydra             Summ           3%         N/A       100%        7
 Ignition                 Fire           3%         3d4       100%        8


Dungeon Overview and Level Annotations

Branches:
Dungeon (11/15)            Temple (1/1) D:5            Lair (0/6) D:10
    Orc (0/2) D:9           Sewer (visited)

Altars:
Ashenzari
Cheibriados
Dithmenos
Elyvilon
Fedhas
Gozag
Hepliaklqana
Kikubaaqudgha
Makhleb
Nemelex Xobeh
Okawaru
Qazlal
Ru
Sif Muna
Trog
Uskayaw
Vehumet
Wu Jian
Xom
Yredelemnul
Zin
The Shining One

Shops:
D:7 (

Annotations:
D:8 exclusions: boulder beetle, ice beast, meliai, 2 two-headed ogres and vampire, Psyche


Innate Abilities, Weirdness & Mutations

You have sharp claws.
You have razor-sharp teeth.
You have supernaturally acute eyesight. (SInv)
You cover ground quickly. (Speed+)
You are covered in thick fur. (AC +2)
Your paws help you pounce on unaware monsters.
You are incapable of wielding weapons or throwing items.
You cannot wear armour.
You gain extra lives every three experience levels.


Message History

Your icy armour evaporates.
Magic restored.
There is an open door here.
You now have 680 gold pieces (gained 11).
Things that are here:
a +0 giant club; a +0 great mace; a two-headed ogre corpse A centaur is nearby!
Unknown command.
Found a trident.
The centaur shouts!
You hear a roar!
The centaur wields a +0 shortbow.
The centaur shoots an arrow.
The arrow completely misses you.
The centaur shoots an arrow.
The arrow closely misses you.
The centaur shoots an arrow.
The arrow barely misses you.
The centaur shoots an arrow.
The arrow hits you.
An acid dragon comes into view.
The acid dragon roars!
The centaur unwields a +0 shortbow.
You block the centaur's attack. The centaur completely misses you.
The acid dragon spits acid at you. The splash of acid hits you!!
Ouch! That really hurt!
* * * LOW HITPOINT WARNING * * *
The acid corrodes you! The centaur barely misses you. The centaur misses you.
The centaur wields a +0 shortbow.
The centaur shoots an arrow.
The arrow misses you.
The centaur shoots an arrow.
The arrow hits you!
* * * LOW HITPOINT WARNING * * *
The acid dragon spits acid at you. The splash of acid hits you!!
Ouch! That really hurt!
You die...
You are now level 9!
You rejoin the land of the living...
Unknown command.
Unknown command.
Unknown command.
Unknown command.
Are you sure you want to abandon this character and quit the game? (Confirm with "yes".)

#........# .# #..
#........########.#### #####..
#.................... ......
#.....[............#########....
#...............................
#...............................
#...............................
#..................>............
#..............@................
#.##...<........................
#.##.......#####..............##
#..............†................
################################


There were no monsters in sight!

Vanquished Creatures
  3 hydras
  A boulder beetle (D:8)
  A two-headed ogre (D:11)
  A harpy (shapeshifter) (D:8)
  Maurice (D:9)
  Joseph (D:10)
  A komodo dragon (D:10)
  A troll (D:9)
  A hornet (D:10)
  2 slime creatures (D:8)
  A meliai zombie (D:10)
  A shadow (D:8)
  4 wyverns
  21 yaks (D:10)
  Sigmund (D:5)
  A wraith (D:11)
  Grum (D:10)
  A basilisk (D:10)
  A steam dragon (D:8)
  4 vampire mosquitoes (D:11)
  Edmund (D:5)
  3 water moccasins (D:10)
  4 orc warriors
  A sky beast (D:5)
  2 black bears
  2 ogres
  7 centaurs
  A necrophage (D:6)
  4 wolves (D:10)
  4 kobold brigands
  4 bullfrogs
  2 gnoll sergeants
  2 scorpions
  9 killer bees
  12 wights
  2 electric eels (D:8)
  5 howler monkeys (D:7)
  A jelly (D:5)
  A hound (D:5)
  3 centaur zombies
  5 orc priests
  A bullfrog skeleton (D:7)
  2 centaur skeletons
  An iguana (D:4)
  7 orc wizards
  A killer bee zombie (D:8)
  A hound skeleton (D:4)
  A howler monkey zombie (D:6)
  7 gnolls
  6 adders
  A shadow imp (D:6)
  A white imp (D:8)
  2 ufetubi (D:6)
  5 worms
  2 dart slugs
  26 orcs
  10 bats
  3 endoplasms
  5 giant cockroaches
  6 goblins
  6 hobgoblins
  10 jackals
  20 kobolds
  3 quokkas
  7 ball pythons
  7 frilled lizards
  10 rats
275 creatures vanquished.

Vanquished Creatures (others)
  A fungus (D:10)
  10 plants
11 creatures vanquished.

Grand Total: 286 creatures vanquished

Notes
Turn   | Place    | Note
-------+----------+-------------------------------------------
     0 | D:1      | tilp the Felid Ice Elementalist began the quest for the
                  | Orb.
     0 | D:1      | Reached XP level 1. HP: 7/7 MP: 4/4
   214 | D:1      | Reached XP level 2. HP: 11/11 MP: 4/6
   300 | D:1      | Reached skill level 4 in Ice Magic
   766 | D:1      | Got the Grimoire of Conjuration
   780 | D:1      | Learned a level 1 spell: Magic Dart
  1241 | D:2      | Reached XP level 3. HP: 14/14 MP: 5/7
  1245 | D:2      | Learned a level 3 spell: Frozen Ramparts
  1261 | D:2      | Found a sparkling altar of Nemelex Xobeh.
  1455 | D:2      | Found a faded altar of an unknown god.
  2061 | D:3      | Reached XP level 4. HP: 18/18 MP: 3/9
  2079 | D:3      | Learned a level 3 spell: Ozocubu's Armour
  2093 | D:3      | Found a glowing drain.
  2123 | Sewer    | Entered a sewer
  2293 | Sewer    | Reached skill level 1 in Conjurations
  2363 | Sewer    | Noticed a kobold brigand
  2369 | Sewer    | Killed a kobold brigand
  2370 | Sewer    | Reached skill level 5 in Ice Magic
  2370 | Sewer    | Reached XP level 5. HP: 17/21 MP: 0/10
  3259 | D:3      | Gained mutation: You are covered in thick fur. (AC +2)
                  | [Felid growth]
  3259 | D:3      | Reached XP level 6. HP: 24/24 MP: 3/11
  3837 | D:3      | Reached skill level 6 in Ice Magic
  4115 | D:3      | Identified the +0 ring mail of Refuge {rF+ rC- Will+ Int+3}
  4489 | D:4      | Reached skill level 1 in Fighting
  4489 | D:4      | Reached skill level 1 in Unarmed Combat
  4642 | D:4      | Learned a level 3 spell: Mephitic Cloud
  5420 | D:5      | Entered Level 5 of the Dungeon
  5510 | D:5      | Noticed Edmund
  5738 | D:5      | Found a staircase to the Ecumenical Temple.
  5745 | D:5      | Noticed Sigmund
  5760 | D:5      | Killed Sigmund
  5761 | D:5      | Reached XP level 7. HP: 20/30 MP: 1/12
  5771 | Temple   | Entered the Ecumenical Temple
  6036 | Temple   | Became a worshipper of Vehumet
  6089 | D:5      | Found a broken altar of Ashenzari.
  6323 | D:5      | Killed Edmund
  6941 | D:5      | Identified the +10 trident of Disuoc {freeze, rPois Dex+4}
  7146 | D:6      | Reached XP level 8. HP: 36/36 MP: 0/13
  7282 | D:6      | Reached skill level 5 in Stealth
  7363 | D:6      | Reached skill level 1 in Evocations
  7899 | D:6      | Found a sacrificial altar of Ru.
  7902 | D:6      | Found a shadowy altar of Dithmenos.
  8508 | D:7      | Reached skill level 1 in Air Magic
  8508 | D:7      | Reached skill level 1 in Poison Magic
  9162 | D:7      | Found a burning altar of Makhleb.
  9166 | D:7      | Found a blossoming altar of Fedhas.
  9167 | D:7      | Found a white marble altar of Elyvilon.
  9190 | D:7      | Found Kulenifye's Weapon Emporium.
  9212 | D:7      | Reached XP level 9. HP: 39/39 MP: 4/15
  9415 | D:7      | Learned a level 3 spell: Stone Arrow
  9466 | D:7      | Reached * piety under Vehumet
  9466 | D:7      | Offered knowledge of Shock by Vehumet.
  9790 | D:8      | Noticed Psyche
  9991 | D:8      | Reached skill level 1 in Earth Magic
 10249 | D:8      | Noticed a two-headed ogre
 10651 | D:8      | Noticed a two-headed ogre
 10691 | D:8      | Noticed a five-headed hydra
 10735 | D:8      | Killed a five-headed hydra
 10736 | D:8      | Reached skill level 7 in Ice Magic
 11160 | D:8      | Reached skill level 5 in Conjurations
 11207 | D:8      | Reached XP level 10. HP: 32/42 MP: 10/17
 11356 | D:8      | Noticed a boulder beetle
 11424 | D:8      | Noticed a harpy
 11424 | D:8      | a yak changed into a harpy
 11426 | D:8      | Killed a harpy
 11438 | D:8      | Killed a boulder beetle
 11439 | D:8      | Reached skill level 5 in Spellcasting
 11439 | D:8      | Reached skill level 8 in Ice Magic
 11806 | D:8      | Noticed a centaur warrior
 11838 | D:9      | Noticed Maurice
 12848 | D:9      | Reached ** piety under Vehumet
 13217 | D:9      | Killed Maurice
 13217 | D:9      | Offered knowledge of Searing Ray by Vehumet.
 13218 | D:9      | Reached skill level 5 in Fighting
 13218 | D:9      | Reached skill level 5 in Unarmed Combat
 13357 | D:9      | Reached skill level 5 in Dodging
 13708 | D:9      | Slain by a wight
 13709 | D:9      | Reached XP level 9. HP: 0/37 MP: 0/17
 13806 | D:9      | Learned a level 4 spell: Hailstorm
 13983 | D:9      | Found a staircase to the Orcish Mines.
 14068 | D:10     | Entered Level 10 of the Dungeon
 14080 | D:10     | Reached XP level 10. HP: 41/45 MP: 8/18
 14199 | D:10     | Noticed a four-headed hydra
 14214 | D:10     | Killed a four-headed hydra
 14346 | D:10     | Found a staircase to the Lair.
 14528 | D:10     | Noticed Grum
 14595 | D:10     | Killed Grum
 14595 | D:10     | Offered knowledge of Ignite Poison by Vehumet.
 14808 | D:10     | Reached *** piety under Vehumet
 14837 | D:10     | HP: 2/45 [poisoned by a water moccasin]
 15310 | D:10     | Reached XP level 11. HP: 31/48 MP: 2/20
 15818 | D:10     | Noticed Joseph
 15826 | D:10     | Killed Joseph
 15897 | D:10     | Reached skill level 9 in Ice Magic
 16175 | D:10     | Reached skill level 5 in Earth Magic
 16382 | D:10     | Offered knowledge of Conjure Flame by Vehumet.
 16758 | D:10     | Upgraded the game from 0.29-a0-40-g8eb35efe60 to
                  | 0.29-a0-43-g62a80824bf
 17139 | D:11     | Noticed a six-headed hydra
 17143 | D:11     | Slain by a six-headed hydra
 17144 | D:11     | Reached XP level 10. HP: 0/45 MP: 6/20
 17362 | D:11     | Killed a six-headed hydra
 17456 | D:11     | Noticed a two-headed ogre
 17496 | D:11     | Killed a two-headed ogre
 17566 | D:11     | Killed from afar by an acid dragon
 17567 | D:11     | Reached XP level 9. HP: -26/41 MP: 19/19
 17567 | D:11     | Quit the game

Illustrated notes

Levels and vault maps discovered:
D:1:      amcnicky_arrival_choice, layout_basic
D:2:      layout_rooms, hellmonk_ecumenical_altar_leap_of_faith, basic_altar
D:3:      kennysheep_big_flooded_room, layout_basic,
          cheibrodos_sewer_entry_bend, small_statue_intersection,
          minmay_crystal_water
D:4:      layout_basic
D:5:      layout_loops_cross, ashenzari_conservatory_becter,
          minmay_temple_entry_crystal_x, serial_rivers,
          chequers_serial_rivers_room_a, chequers_serial_rivers_micro_e,
          chequers_serial_rivers_large_a, chequers_serial_rivers_room_b,
          chequers_serial_rivers_marsh, uniq_sigmund, uniq_edmund
D:6:      layout_rooms, nicolae_overflow_hidden_temple,
          nicolae_elevator_lobby_plus
D:7:      layout_cave_pools, chequers_temple_overflow_statue_of_worship,
          serial_shops, shop_fountains, minmay_misc_feat_ornament
D:8:      layout_basic, fountainhead, minmay_holes, minivault_1,
          minmay_shattered_shrine, uniq_psyche
D:9:      layout_rooms, orc_0_dummy, uniq_maurice
D:10:     layout_grid_maze, minmay_lair_entry_grove, serial_bayou_pond_e,
          uniq_joseph, uniq_grum
D:11:     layout_stronghold, amcnicky_mini_rare_corridor_liquid
Temple:   eino_temple_scatter_basement

Skill      XL: |  1  2  3  4  5  6  7  8  9 10 11 |
---------------+----------------------------------+-----
Ice Magic      | 4 5 6 7 8 9 |  9.6
Conjurations   | 1 2 3 5 8 7 |  8.0
Spellcasting   | 3 4 5 6 |  6.1
Fighting       | 2 3 4 6 5 |  6.0
Stealth        | 3 4 6 8 |  8.0
Unarmed Combat | 2 3 4 6 |  6.0
Dodging        | 3 4 6 |  6.0
Evocations     | 4 |  4.0
Air Magic      | 1 2 |  2.0
Poison Magic   | 1 2 |  2.0
Earth Magic    | 3 4 5 |  5.4

Action                   |  1- 3 |  4- 6 |  7- 9 | 10-12 || total
-------------------------+-------+-------+-------+-------++-------
Melee: Unarmed           |    16 |    41 |   115 |    85 ||   257
       Bite              |     1 |     8 |    15 |    20 ||    44
       Punch             |       |       |     4 |     8 ||    12
 Cast: Freeze            |    40 |    45 |    36 |     2 ||   123
       Magic Dart        |    20 |    11 |    26 |     3 ||    60
       Frozen Ramparts   |     6 |    26 |    31 |    30 ||    93
       Ozocubu's Armour  |       |    14 |    31 |    35 ||    80
       Mephitic Cloud    |       |     1 |     2 |     1 ||     4
       Stone Arrow       |       |       |    22 |   120 ||   142
       Hailstorm         |       |       |     2 |     6 ||     8
Evoke: Wand              |       |       |     8 |     9 ||    17
  Use: Scroll            |     4 |     5 |     8 |     4 ||    21
       Potion            |       |     1 |       |     1 ||     2
 Stab: Sleeping          |     9 |     6 |     9 |     5 ||    29
       Confused          |       |     1 |     1 |       ||     2
       Distracted        |       |       |     1 |       ||     1
Armor: Skin              |     3 |    10 |    30 |    20 ||    63
Dodge: Dodged            |    18 |    49 |   107 |   149 ||   323
Block: Other             |     4 |    16 |    34 |    42 ||    96
       Reflection        |       |       |     2 |     3 ||     5

Table legend: (Time is in decaauts)
 A = Elapsed time spent in this place.
 B = Non-inter-level travel time spent in this place.
 C = Inter-level travel time spent in this place.
 D = Time resting spent in this place.
 E = Time spent auto-exploring this place.
 F = Levels seen in this place.
 G = Mean time per level.
                   A        B        C        D        E       F      G
               +--------+--------+--------+--------+--------+-----+--------+
         Total |  16201 |  15699 |    502 |   5376 |   7750 |  13 | 1246.2 |
       Dungeon |  15113 |  14641 |    472 |   4851 |   7379 |  11 | 1373.9 |
        Temple |    245 |    215 |     30 |     83 |    117 |   1 |  245.0 |
         Sewer |    842 |    842 |      0 |    442 |    253 |   1 |  842.0 |
               +--------+--------+--------+--------+--------+-----+--------+

Top non-repeatable levels by time:
    D:10: 2555 daAuts
     D:8: 2474 daAuts
     D:3: 1549 daAuts
     D:9: 1416 daAuts
     D:6: 1263 daAuts
     D:4: 1254 daAuts
     D:7: 1194 daAuts
     D:5: 1070 daAuts
     D:1: 976 daAuts
   Sewer: 842 daAuts
    D:11: 680 daAuts
     D:2: 678 daAuts
  Temple: 245 daAuts
